 Dungeon Crawl Stone Soup version 0.22-a0-480-g991dd4b (webtiles) character file.

11 Gildenfire the Sneak (level 2, 0/13 HPs)
             Began as a Spriggan Enchanter on June 16, 2018.
             Slain by a leopard gecko (3 damage)
             ... on level 1 of the Dungeon.
             The game lasted 00:05:00 (550 turns).

Gildenfire the Sneak (Spriggan Enchanter)            Turns: 550, Time: 00:05:01

Health: 0/13       AC:  2    Str:  4    XL:     2   Next: 17%
Magic:  3/6        EV: 18    Int: 16    God:
Gold:   9          SH:  0    Dex: 16    Spells: 5/6 levels left

rFire    . . .     SeeInvis +   a - +1 dagger
rCold    . . .     Gourm    .   (shield restricted)
rNeg     . . .     Faith    .   b - +0 robe
rPois    .         Spirit   .   (helmet restricted)
rElec    .         Reflect  .   (no cloak)
rCorr    .         Harm     .   (gloves unavailable)
MR       .....                  (boots unavailable)
Stlth    +++.......             (no amulet)
HPRegen  0.04/turn              (no ring)
MPRegen  0.10/turn              (no ring)

@: very quick
A: very small, unfitting armour, see invisible, herbivore, speed 3, slow
metabolism 2
a: no special abilities


You were on level 1 of the Dungeon.
You were not hungry.

You visited 1 branch of the dungeon, and saw 1 of its levels.

You collected 9 gold pieces.

Inventory:

Hand Weapons
 a - a +1 dagger (weapon)
Armour
 b - a +0 robe (worn)
Scrolls
 e - a scroll of remove curse {unknown}
Potions
 c - a potion of lignification {unknown}
 f - 2 potions of degeneration {unknown}
Comestibles
 d - a ration


   Skills:
 * Level 0.1 Fighting
 * Level 1.5 Short Blades
 * Level 3.1 Dodging
 + Level 4.6 Stealth
 + Level 2.7 Spellcasting
 + Level 3.9 Hexes


You had 5 spell levels left.
You knew the following spells:

 Your Spells              Type           Power        Failure   Level  Hunger
a - Corona                Hex            ##.....      3%          1    #......

Your spell library contained the following spells:

 Spells                   Type           Power        Failure   Level  Hunger
 Confuse                  Hex            ##......     11%         3    ###....
 Tukima's Dance           Hex            ##......     11%         3    ###....
 Ensorcelled Hibernation  Hex/Ice        #.....       13%         2    ##.....
 Dazzling Spray           Conj/Hex       #.....       26%         3    ###....


Dungeon Overview and Level Annotations

Branches:
Dungeon (1/15)

Altars:


Innate Abilities, Weirdness & Mutations

You are very small and have problems with some larger weapons.
You are too small for most types of armour.
You have supernaturally acute eyesight. (SInv)
You are a herbivore.
You cover ground extremely quickly.
You need to consume almost no food.


Message History

The kobold barely misses you.
The leopard gecko completely misses you.
You hit the kobold but do no damage.
The kobold is moderately wounded.
The giant cockroach misses you. The leopard gecko bites you.
The kobold hits you. The giant cockroach bites you.
You closely miss the kobold.
The kobold is moderately wounded.
The kobold stops glowing.
The leopard gecko closely misses you. The kobold misses you.
The giant cockroach misses you.
Your magical contamination has completely faded away.
You open the door. The leopard gecko barely misses you.
The giant cockroach bites you.
* * * LOW HITPOINT WARNING * * *
The kobold misses you.
There is an open door here.
You hit the leopard gecko but do no damage.
The leopard gecko is moderately wounded.
The leopard gecko bites you.
You die...

+...........>.#
#...........#.#
#.............
#...........#
#...........#
..S...........#
........sK...#
...#####l###.#
..# #@# #.#
........# #.#
#.####### #.#
#.#########.#
#.##........#
#..#........#
##.#......†.#
#.#........#
#..........#


You could see a leopard gecko, a giant cockroach and a kobold.

Vanquished Creatures
  A giant cockroach (D:1)
  3 goblins (D:1)
  2 hobgoblins (D:1)
  2 bats (D:1)
  A frilled lizard (D:1)
  A kobold (D:1)
  A rat (D:1)
11 creatures vanquished.

Notes
Turn   | Place    | Note
-------+----------+-------------------------------------------
     0 | D:1      | Gildenfire the Spriggan Enchanter began the quest for the Orb.
     0 | D:1      | Reached XP level 1. HP: 9/9 MP: 5/5
   331 | D:1      | Reached XP level 2. HP: 13/13 MP: 6/6
   550 | D:1      | Slain by a leopard gecko

Vault maps used:
D:1:      dpeg_arrival_morbid_curiosity

Action                   || total
-------------------------++-------
Melee: Dagger            ||    49
 Cast: Corona            ||    11
 Stab: Sleeping          ||     1
Armor: Robe              ||     5
Dodge: Dodged            ||    44

Table legend:
 A = Spawn XP
 B = Non-spawn XP
 C = Spawn XP percentage of total XP
 D = Spawn monster count
 E = Non-spawn monster count
 F = Spawn count percentage of total count
 G = Total turns spent on level
                    A         B        C        D         E        F      G
               +---------+---------+-------+---------+---------+-------+---------
         Total |       0 |      17 |   0.0 |       0 |      11 |   0.0 |   550
               +---------+---------+-------+---------+---------+-------+---------
           D:1 |       0 |      17 |   0.0 |       0 |      11 |   0.0 |   550
               +---------+---------+-------+---------+---------+-------+---------
